[Event "Open Nuevo Centro. Jornada 1"]
[Site "Chess.com"]
[Date "2020.06.19"]
[Round "3"]
[White "Vorozbits Moisejevs, Daniels"]
[Black "Mart�nez Cuenca, Adri�n "]
[Result "1-0"]
[WhiteElo "924"]
[BlackElo "644"]
[TimeControl "180+2"]
[EndTime "11:00:23 PDT"]
[Termination "Victoria de UgnadaKnukes por jaque mate"]

1. e4 e5 2. Nf3 Nc6 3. Bc4 Nb4 4. a3 Nc6 5. O-O Nf6 6. Nc3 Na5 7. Ba2 Nb3 8. Bxb3 c5 9. Nxe5 d6 10.
Nxf7 Kd7 11. Nxd8 b5 12. Nf7 a5 13. Nxh8 Ng4 14. Qxg4+ Kc6 15. Bd5+ Kb6 16. Qg5 h6 17. Qd8+ Ka6 18. Qc7 Ra7 19. Qxc8+ Kb6 20. Qb8+ Rb7 21. Qxb7# 1

[Event "Open Nuevo Centro. Jornada 1"]
[Site "Chess.com"]
[Date "2020.06.19"]
[Round "3"]
[White "Castellano L�pez, Javier"]
[Black "Mart�nez Cuenca, Jose Andr�s"]
[Result "1-0"]
[WhiteElo "1750"]
[BlackElo "1231"]
[TimeControl "180+2"]
[EndTime "11:00:27 PDT"]
[Termination "Victoria de its_xavi_official por abandono"]

1. d4 c5 2. d5 Nf6 3. c4 d6 4. Nc3 Bf5 5. Nf3 Nbd7 6. Bg5 h6 7. Bh4 g5 8. Bg3 Bg7 9. Nd2 O-O 10. e4 Bg6 11. f3 e5 12. Bd3 Qe7 13. h4 Rae8 14. hxg5 hxg5 15. Ke2 Rd8 16. Nf1 Rde8 17. Ne3 Rd8 18. Qd2 Rde8 19. Rh2 Rd8 20. Rah1 Rde8 21.
Nf1 Rd8 22. Qxg5 Rde8 23. Ne3 Rd8 24. Nf5 Qe8 25. Nxd6 Qe7 26. Nf5 Qe8 27. d6 Nb8 28. Ne7+ Qxe7 29. dxe7 1

[Event "Open Nuevo Centro. Jornada 1"]
[Site "Chess.com"]
[Date "2020.06.19"]
[Round "3"]
[White "Gracia Calvo, Andres"]
[Black "Kovacevic, Slobodan"]
[Result "0-1"]
[WhiteElo "1835"]
[BlackElo "2066"]
[TimeControl "180+2"]
[EndTime "11:00:36 PDT"]
[Termination "Victoria de nikko110 por jaque mate"]

1. d4 Nf6 2. Nf3 e6 3. Bf4 c5 4. e3 b6 5. Bd3 cxd4 6. exd4 Bb7 7. Nbd2 a6 8. O-O d6 9. h3 Nbd7 10. Re1 Be7 11. c3 O-O 12. Qe2 Re8 13. Rad1 Qc7 14. Bb1 b5 15. Ng5 Bf8 16. Nge4 Nd5 17. Bg3 Rac8 18. Qh5 h6 19. Nf3 f5 20. Ned2 N7f6 21. Qh4 g5 22. Nxg5 hxg5 23. Qxg5+ Qg7 24. Qh5 f4 25.
Bh4 Nxh5 26. Nf3 Nxc3 27. bxc3 Bxf3 28. Rd3 Qxg2# 0

[Event "Open Nuevo Centro. Jornada 1"]
[Site "Chess.com"]
[Date "2020.06.19"]
[Round "3"]
[White "Cebri�n Granado, Guille"]
[Black "Grigorev, Artur "]
[Result "0-1"]
[WhiteElo "347"]
[BlackElo "868"]
[TimeControl "180+2"]
[EndTime "11:00:39 PDT"]
[Termination "Victoria de Arturiog por tiempo"]

1. e4 e5 2. Nf3 Nc6 3. Nc3 Bc5 4. Bc4 Nf6 5. h4 d6 6. g4 Bxg4 7. Ng5 Bxd1 8. f4 Nxe4 9. Kxd1 Nxc3+ 10. bxc3 exf4 11.
Re1+ Ne5 12. d3 O-O 13. Kd2 Nf3+ 14. Kd1 Nxe1 15. Bd2 Ng2 16. Nf3 Nxh4 17. Nxh4 Qxh4 18. Be1 Qg4+ 19. Kc1 Ba3+ 0

[Event "Open Nuevo Centro. Jornada 1"]
[Site "Chess.com"]
[Date "2020.06.19"]
[Round "3"]
[White "Valverde Alcaide, Miguel Alejandro"]
[Black "Rabbani Perez, Oumaima "]
[Result "1-0"]
[WhiteElo "923"]
[BlackElo "700"]
[TimeControl "180+2"]
[EndTime "11:00:43 PDT"]
[Termination "Victoria de mentafurterei por jaque mate"]

1. e4 e5 2. Bc4 Bc5 3. Qe2 Nf6 4. Nc3 Nc6 5. Nf3 Nd4 6. Nxd4 exd4 7. e5 dxc3 8.
exf6+ Be7 9. fxe7 Qxe7 10. Qxe7+ Kxe7 11. dxc3 h5 12. O-O Rh6 13. Bxh6 gxh6 14. Rfe1+ Kd8 15.
Bxf7 d6 16. Re8+ Kd7 17. Rae1 Kc6 18. b4 Kb5 19. a4+ Kxa4 20. Ra1+ Kb5 21. Bxh5 Kc4 22.
f4 Kxc3 23. Bg6 Kxb4 24. f5 Bxf5 25. Rxa8 Bxg6 26. R8xa7 Kb5 27. Rxb7+ Kc6 28. Raa7 Bxc2 29. Rxc7+ Kb6 30. Rab7+ Ka6 31. Rb8 Bb3 32. Rxb3 d5 33. Rc8 Ka7 34. Rc1 Ka8 35. Ra1# 1

[Event "Open Nuevo Centro. Jornada 1"]
[Site "Chess.com"]
[Date "2020.06.19"]
[Round "3"]
[White "Birnoveanu, Petru"]
[Black "Miranda Calvo, Max Rodrigo"]
[Result "0-1"]
[WhiteElo "1565"]
[BlackElo "1171"]
[TimeControl "180+2"]
[EndTime "11:00:49 PDT"]
[Termination "Victoria de bas-max-miranda por tiempo"]

1. e4 e5 2. Bc4 Nc6 3. Nf3 Bc5 4. O-O Nf6 5. d4 Bxd4 6. Nxd4 Nxd4 7. f4 d6 8. fxe5 dxe5 9. Bg5 Bg4 10. Qc1 Be2 11. Bxf6 gxf6 12. c3 Bxf1 13. Kxf1 Ne6 14. Nd2 c6 15. Qe1 b5 16. Be2 Nf4 17. Bf3 Qd3+ 18. Kg1 O-O-O 19. Nb3 Nh3+ 20. Kh1 Ng5 0

[Event "Open Nuevo Centro. Jornada 1"]
[Site "Chess.com"]
[Date "2020.06.19"]
[Round "3"]
[White "Macias Pino, Diego"]
[Black "Casado Andreu, David"]
[Result "1-0"]
[WhiteElo "2168"]
[BlackElo "1571"]
[TimeControl "180+2"]
[EndTime "11:00:55 PDT"]
[Termination "Victoria de jesuimafe por abandono"]

1. e4 e5 2. Nf3 Nc6 3. d4 exd4 4. Bc4 Bb4+ 5. c3 dxc3 6. bxc3 Ba5 7. Qd5 Qe7 8. Ng5 Nh6 9. O-O O-O 10. f4 Bb6+ 11.
Kh1 d6 12. f5 Ne5 13. Bb3 Nhg4 14. Nh3 Nf6 15. Qb5 c6 16. Qe2 Neg4 17. Nd2 Bxf5 18. Rxf5 g6 19. Rf1 d5 20. a4 dxe4 21. Ba3 Bc5 22. Bxc5 Qxc5 23. Nxe4 Qe7 24. Nxf6+ 1

[Event "Open Nuevo Centro. Jornada 1"]
[Site "Chess.com"]
[Date "2020.06.19"]
[Round "3"]
[White "Gil Lopez, Alejandro"]
[Black "Haoyou, Deng"]
[Result "1/2-1/2"]
[WhiteElo "2040"]
[BlackElo "1815"]
[TimeControl "180+2"]
[EndTime "11:00:58 PDT"]
[Termination "Tablas por repetición de movimientos"]

1. e4 d6 2. Nf3 Nf6 3. Nc3 g6 4. d4 Bg7 5. Bg5 O-O 6. Bc4 Nxe4 7. Nxe4 d5 8. Ng3 dxc4 9. c3 Bg4 10. h3 Bxf3 11. Qxf3 c6 12. O-O Nd7 13. Rfe1 Nf6 14. Qe2 e6 15. Qxc4 Qd5 16. Qxd5 cxd5 17. a4 a5 18.
Rab1 Rfc8 19. Ne2 Rc7 20. Bf4 Rc6 21. Nc1 Rc4 22. Ra1 Rac8 23. Nd3 Ne4 24. Be5 Bxe5 25. Nxe5 R4c7 26. Rf1 Nd2 27. Rfd1 Nc4 28. Nd3 b6 29. Rab1 Nd6 30. f3 Kg7 31. Kf2 h6 32. g4 Rc4 33.
Ra1 R4c7 34. Rab1 Rc4 35. Ra1 R4c7 36. Rab1 1/2-1

[Event "Open Nuevo Centro. Jornada 1"]
[Site "Chess.com"]
[Date "2020.06.19"]
[Round "3"]
[White "Sanchis Bon, Sergi"]
[Black "Salvador Buiza, Victor"]
[Result "0-1"]
[WhiteElo "990"]
[BlackElo "1520"]
[TimeControl "180+2"]
[EndTime "11:00:58 PDT"]
[Termination "Victoria de TERROROSCURO666 por tiempo"]

1. e4 e6 2. e5 d5 3. exd6 Bxd6 4.
Nf3 Nf6 5. Nc3 O-O 6. g3 Nd5 7. Bg2 Nc6 8. Nxd5 exd5 9. b3 Bg4 10. O-O Be5 11. Rb1 Nd4 12. h3 Nxf3+ 13. Bxf3 Bxh3 14. Re1 Re8 15. Bg4 Bxg4 16. Qxg4 Qd6 17. f4 Bd4+ 18. Kf1 Rxe1+ 19. Kxe1 Qc5 20. c3 Re8+ 21. Kd1 Bf2 22. Kc2 d4 23. b4 Qc4 24. Rb3 dxc3 0

[Event "Open Nuevo Centro. Jornada 1"]
[Site "Chess.com"]
[Date "2020.06.19"]
[Round "3"]
[White "Garcia, Jhoel"]
[Black "Amor�s P�rez, Manuel David"]
[Result "1-0"]
[WhiteElo "2323"]
[BlackElo "1641"]
[TimeControl "180+2"]
[EndTime "11:01:03 PDT"]
[Termination "Victoria de shoels por abandono"]

1. b3 Nc6 2. Bb2 e5 3. e3 d5 4. d4 exd4 5. exd4 Bf5 6. Nf3 Nf6 7. Bb5 Qd6 8. O-O O-O-O 9. Ne5 Be6 10. Ba3 Nb4 11. c3 Qb6 12. Be2 Nc6 13. Bb2 Nxe5 14. dxe5 Ne4 15. b4 c6 16. Nd2 Nxd2 17. Qxd2 Qc7 18.
f4 f6 19. f5 Bd7 20. e6 Be8 21. g3 Bd6 22. Bf3 g6 23. Qc2 gxf5 24. Qxf5 Bg6 25.
Qxf6 Bxg3 26. hxg3 Qxg3+ 27. Bg2 Be4 28. Rf3 Bxf3 29.
Qxf3 Rhg8 30. Qxg3 Rxg3 31. Kh2 Rdg8 32. Bh3 Kc7 33.
c4 Rxh3+ 34. Kxh3 dxc4 35. Be5+ Kd8 36. Bd6 Rg6 37. Re1 b5 38. Bc5 a6 39. e7+ Ke8 40.
Rf1 Kd7 41. Rd1+ Ke8 42. Rd8+ 1

[Event "Open Nuevo Centro. Jornada 1"]
[Site "Chess.com"]
[Date "2020.06.19"]
[Round "3"]
[White "Galiana Ferrer, Oscar"]
[Black "Ferrero Sanchis, Enrique"]
[Result "0-1"]
[WhiteElo "854"]
[BlackElo "1518"]
[TimeControl "180+2"]
[EndTime "11:01:10 PDT"]
[Termination "Victoria de kikeferrero por jaque mate"]

1. e4 d6 2. Nc3 g6 3. d4 Bg7 4. Nf3 Bg4 5. Bd3 c6 6. Be3 Qb6 7. O-O Bxf3 8. Qxf3 Bxd4 9. Bxd4 Qxd4 10. Rad1 Qf6 11.
Ra1 Qxf3 12. gxf3 Nd7 13. f4 Ngf6 14. f5 O-O 15. fxg6 fxg6 16. a3 Nc5 17. f3 Nxd3 18. cxd3 d5 19. exd5 Nxd5 20. Nxd5 cxd5 21. f4 Rf5 22. d4 Raf8 23. b4 Rxf4 24. Rxf4 Rxf4 25. Rc1 Rxd4 26. Rc8+ Kf7 27. Rc7 Rd3 28. Rxb7 Rxa3 29. b5 Rb3 30. Rxa7 Rxb5 31. Ra1 e5 32. Rf1+ Ke6 33.
Rf3 d4 34. Rf1 e4 35. Re1 Ke5 36. Kf2 Rb2+ 37. Kg1 d3 38. Rd1 Kd4 39. Ra1 e3 40. Ra4+ Kc3 41. Ra3+ Rb3 42. Ra1 e2 43. Rc1+ Kd2 44.
Ra1 e1=Q+ 45. Rxe1 Kxe1 46. Kh1 d2 47. Kg2 d1=Q 48. h3 Qd3 49. h4 Rb2+ 50. Kg1 Qf1# 0

[Event "Open Nuevo Centro. Jornada 1"]
[Site "Chess.com"]
[Date "2020.06.19"]
[Round "3"]
[White "Fitzpatrick Dimas  , Andrew "]
[Black "Crevillen Abad, Clemente"]
[Result "0-1"]
[WhiteElo "1375"]
[BlackElo "1786"]
[TimeControl "180+2"]
[EndTime "11:01:15 PDT"]
[Termination "Victoria de Clementovich por jaque mate"]

1. e4 c6 2. Nf3 d5 3. Nc3 dxe4 4.
Nxe4 Nf6 5. Nxf6+ gxf6 6. Bc4 Bg4 7. O-O Bg7 8. h3 Bh5 9. d3 Nd7 10. b3 Ne5 11. Bf4 Nxf3+ 12. gxf3 b5 13. Bxf7+ Bxf7 14. Qd2 Qd5 15. Qe3 O-O 16. Kg2 Qf5 17. Bg3 e5 18.
Qc5 Bd5 19. Qe3 Qg6 20. c4 Be6 21. cxb5 cxb5 22. Rad1 Rae8 23. Qxa7 f5 24. Kh2 f4 25.
Bh4 Qf5 26. Kg1 Rf7 27. Qc5 Bf8 28. Qxb5 Rg7+ 29. Kh1 Qxh3# 0

[Event "Open Nuevo Centro. Jornada 1"]
[Site "Chess.com"]
[Date "2020.06.19"]
[Round "3"]
[White "Fern�ndez Mart�n, Berta"]
[Black "Gukasov, Artem"]
[Result "0-1"]
[WhiteElo "1005"]
[BlackElo "1565"]
[TimeControl "180+2"]
[EndTime "11:01:17 PDT"]
[Termination "Victoria de ArtemGukasov por tiempo"]

1. e4 e6 2. Nf3 d5 3. exd5 exd5 4.
d4 Nf6 5. Be2 Bd6 6. O-O O-O 7.
b3 c6 8. Be3 Bf5 9. c4 dxc4 10.
bxc4 Nbd7 11. Nc3 c5 12. d5 Qc7 13. Qd2 Be5 14. Nxe5 Nxe5 15. d6 Qd7 16. Bxc5 Ne4 17. Nxe4 Bxe4 18. Qe3 Rac8 19. Rfd1 Rxc5 20. Qd4 b6 21.
Qxe4 Qc6 22. Qxc6 Rxc6 23. Rac1 Rd8 0

[Event "Open Nuevo Centro. Jornada 1"]
[Site "Chess.com"]
[Date "2020.06.19"]
[Round "3"]
[White "Donate Peris, Jose Manuel"]
[Black "M�ndez Gim�nez , N�stor Emmanuel"]
[Result "1-0"]
[WhiteElo "1592"]
[BlackElo "1144"]
[TimeControl "180+2"]
[EndTime "11:01:35 PDT"]
[Termination "Victoria de cheryme por jaque mate"]

1. d4 e6 2. e4 d5 3. e5 c5 4. c3 Nc6 5. Nf3 Qb6 6. Qb3 cxd4 7. Qxb6 axb6 8. cxd4 f6 9. Bf4 Bb4+ 10. Nc3 fxe5 11. Bxe5 Nxe5 12. Nxe5 Nf6 13. a3 O-O 14. Bd3 Ne4 15. Bxe4 dxe4 16. O-O Bxc3 17. bxc3 b5 18. Rfe1 b6 19. Rxe4 Bb7 20. Ree1 Kh8 21. Nd7 Rfd8 22.
Nxb6 Ra6 23. Rxe6 Bd5 24. Nxd5 Rxe6 25. Nc7 Rc6 26. Nxb5 Rb8 27. a4 Ra6 28. c4 Kg8 29. f3 Kf7 30. Kf2 Ke7 31. Ke3 Kd7 32. d5 Rc8 33.
Kd4 g6 34. c5 Rb8 35. c6+ Kd8 36. c7+ Kc8 37. cxb8=Q+ Kxb8 38. Kc5 Kb7 39. d6 Rc6+ 40. Kd5 Rc2 41. Ke6 Kb6 42. d7 Re2+ 43. Kf7 Rd2 44.
Ke8 Re2+ 45. Kd8 Kb7 46. Nd6+ Kb8 47. Rb1+ Ka8 48. Kc7 Rc2+ 49. Kb6 Rxg2 50. d8=Q# 1

[Event "Open Nuevo Centro. Jornada 1"]
[Site "Chess.com"]
[Date "2020.06.19"]
[Round "3"]
[White "Bosch Jord�, Ricard"]
[Black "M�s Ripoll, Vicente"]
[Result "1-0"]
[WhiteElo "1610"]
[BlackElo "1108"]
[TimeControl "180+2"]
[EndTime "11:01:45 PDT"]
[Termination "Victoria de UltimateLimo por jaque mate"]

1. e4 c5 2. Nf3 e6 3. d4 cxd4 4. Nxd4 Nc6 5. Nc3 h6 6. g3 Nf6 7. Bg2 Be7 8. O-O O-O 9. Be3 Re8 10. h3 Bf8 11. Qd2 Kh7 12. Rad1 Ng8 13. Nxc6 bxc6 14. e5 Bb7 15. Qd3+ Kh8 16. f4 Rc8 17. f5 exf5 18. Qxf5 Qe7 19. Be4 g6 20. Qxf7 Qxf7 21.
Rxf7 Re7 22. Rdf1 Rxe5 23. Bxg6 Re7 24. Bd4+ Bg7 25. Bxg7# 1

[Event "Open Nuevo Centro. Jornada 1"]
[Site "Chess.com"]
[Date "2020.06.19"]
[Round "3"]
[White "Fern�ndez Martin, Carlos"]
[Black "Luque Saiz, Andres"]
[Result "0-1"]
[WhiteElo "1220"]
[BlackElo "1705"]
[TimeControl "180+2"]
[EndTime "11:02:04 PDT"]
[Termination "Victoria de Chuch1n por tiempo"]

1. e4 c6 2. Nc3 d5 3. Nf3 Bg4 4. h3 Bxf3 5. Qxf3 Nf6 6. e5 Nfd7 7. d4 e6 8. Bd3 c5 9. Be3 Nc6 10. dxc5 Ncxe5 11. Qe2 Nc6 12. Bf4 Nxc5 13. Rd1 Nxd3+ 14. Rxd3 Bb4 15. O-O O-O 16. Qg4 f5 17. Qg3 Qf6 18. Nb5 h6 19. Nc7 Rac8 20. c3 Bc5 21. Re1 Nd8 22. Be5 Qf7 23. Rdd1 Kh7 24. b4 Bb6 25. Nb5 Rc6 26. Nd6 Qg6 27. Qf3 Bc7 0

[Event "Open Nuevo Centro. Jornada 1"]
[Site "Chess.com"]
[Date "2020.06.19"]
[Round "3"]
[White "Lopez Mateo, Juan Carlos"]
[Black "Granero Roca, Antonio"]
[Result "0-1"]
[WhiteElo "1931"]
[BlackElo "2524"]
[TimeControl "180+2"]
[EndTime "11:02:05 PDT"]
[Termination "Victoria de Somtor por tiempo"]

1. e4 c6 2. Ne2 d6 3. e5 dxe5 4.
Nbc3 Nf6 5. g3 Bf5 6. d3 e6 7. Bg2 Nbd7 8. O-O Qc7 9. a4 a5 10. h3 Bg6 11. f4 exf4 12. Nxf4 Bd6 13. Qe1 O-O 14. g4 Nd5 15. Nxg6 hxg6 16. Ne4 Be7 17. Bd2 Nc5 18. Kh1 Nxe4 19. Qxe4 Rad8 20. Rae1 Bb4 21.
c3 Be7 22. d4 Nb6 23. b3 Nd5 24. Rf3 c5 25. dxc5 Qxc5 26. Re2 b6 27. h4 Nf6 28.
Qc2 Nxg4 29. Bh3 Qh5 30. Be1 Bxh4 31. Rf4 Bxe1 32. Rxg4 Qxh3+ 0

[Event "Open Nuevo Centro. Jornada 1"]
[Site "Chess.com"]
[Date "2020.06.19"]
[Round "3"]
[White "Lupu, Alexandru Mihai"]
[Black "Gimenez Saiz, Jose Raul"]
[Result "0-1"]
[WhiteElo "1020"]
[BlackElo "1533"]
[TimeControl "180+2"]
[EndTime "11:02:11 PDT"]
[Termination "Victoria de rango013 por jaque mate"]

1. d4 d6 2. Bf4 Nd7 3. e3 g6 4.
Bd3 Bg7 5. c3 e5 6. Bg3 Ne7 7.
Nf3 Nf5 8. Bxf5 gxf5 9. dxe5 dxe5 10. Bxe5 Nxe5 11. Qxd8+ Kxd8 12. Ng5 h6 13. f4 hxg5 14.
fxe5 Bxe5 15. O-O Bxh2+ 16. Kf2 Bd6 17. Rd1 Be6 18. Na3 Ke7 19. Rf1 Bxa3 20. bxa3 Rae8 21. a4 Rd8 22. a3 Rd2+ 23. Ke1 Rxg2 24. Rf2 Rh1+ 25. Ke2 Rxf2+ 26. Kxf2 Rxa1 27. Kf3 Rxa3 28. e4 Rxc3+ 29. Ke2 fxe4 30. Kd2 Rd3+ 31. Ke2 c5 32. Kf2 c4 33. Ke2 c3 34. Kf2 c2 35. Ke2 c1=R 36.
Kf2 Rc2+ 37. Ke1 Bg4 38. Kf1 Rd1# 0

[Event "Open Nuevo Centro. Jornada 1"]
[Site "Chess.com"]
[Date "2020.06.19"]
[Round "3"]
[White "Garrido Barona, An�bal"]
[Black "Yeste Campos, Manuel"]
[Result "0-1"]
[WhiteElo "644"]
[BlackElo "926"]
[TimeControl "180+2"]
[EndTime "11:02:12 PDT"]
[Termination "Victoria de Manuel_Yeste por tiempo"]

1. e4 e5 2. Nf3 Nc6 3. Bc4 Bc5 4. Ng5 f6 5. Nf7 Qe7 6. Nxh8 d6 7.
Nf7 Be6 8. Nh8 Bxc4 9. Qh5+ g6 10.
Nxg6 hxg6 11. Qxg6+ Bf7 12. Qf5 Nh6 13. Qf3 O-O-O 14.
O-O d5 15. d3 dxe4 16. dxe4 Nd4 17. Qh3+ Be6 18. Qxh6 Nxc2 19. Na3 Nxa1 20. b4 Bd4 21. Bd2 Bxa2 22. Rxa1 Bxa1 23. Qe3 Bd4 24. Qd3 Bxf2+ 25. Kxf2 Rxd3 26. Nc2 Rxd2+ 27. Kg1 Rxc2 28. h3 Qxb4 0

[Event "Open Nuevo Centro. Jornada 1"]
[Site "Chess.com"]
[Date "2020.06.19"]
[Round "3"]
[White "Mart�nez Carvajal, Juan Francisco"]
[Black "Gimenez Sanchis, Jose Antonio"]
[Result "0-1"]
[WhiteElo "1767"]
[BlackElo "1438"]
[TimeControl "180+2"]
[EndTime "11:02:15 PDT"]
[Termination "Victoria de migesoj por tiempo"]

1. Nf3 c6 2. c4 Nf6 3. g3 d5 4. b3 e6 5. Bg2 Be7 6. O-O dxc4 7. bxc4 O-O 8. Nc3 a6 9. a4 Nbd7 10. a5 Rb8 11. d4 b6 12. axb6 Nxb6 13. Qd3 Bb7 14.
Bf4 Rc8 15. Rfb1 Ba8 16. Rxa6 c5 17. Raxb6 cxd4 18. Nxd4 Bxg2 19. Kxg2 Bc5 20. Rb8 Qxd4 21. Rxc8 Rxc8 22. Rb7 Qxd3 23. exd3 h6 24. Nb5 Nh5 25. Be3 Bb4 26. Kf3 Be1 27. c5 Nf6 28. Nd6 Rd8 29.
Nxf7 Rc8 30. Nd6 Rc6 31. d4 Nd5 0

[Event "Open Nuevo Centro. Jornada 1"]
[Site "Chess.com"]
[Date "2020.06.19"]
[Round "3"]
[White "Roca Cruz, Rafael"]
[Black "Juan Alos, Sergio"]
[Result "1-0"]
[WhiteElo "1667"]
[BlackElo "1218"]
[TimeControl "180+2"]
[EndTime "11:02:19 PDT"]
[Termination "Victoria de RafaRocaCruz por abandono"]

1. d4 d5 2. c4 e6 3. Nc3 c5 4. e3 Nc6 5. dxc5 Bxc5 6. cxd5 exd5 7.
Qxd5 Qxd5 8. Nxd5 Bb4+ 9. Bd2 Bxd2+ 10. Kxd2 Nge7 11. Nc7+ Kd8 12. Nxa8 Bf5 13. Rc1 Kd7 14. Nb6+ axb6 15. a3 b5 16. Bxb5 Rc8 17. Nf3 Be4 18. Ne5+ Kd6 19. Bxc6 bxc6 20. Nc4+ Ke6 21. f3 Bd5 22. e4 Bxc4 23. Rxc4 Ng6 24. g3 Ne5 25. Rc3 Rb8 26. b4 Kd6 27. h3 Rb5 28. f4 Nd7 29. Ke3 c5 30. Rd1+ Ke6 31. Rd5 cxb4 32. Rxb5 1

[Event "Open Nuevo Centro. Jornada 1"]
[Site "Chess.com"]
[Date "2020.06.19"]
[Round "3"]
[White "Campos Gambuti, Luis Mar�a"]
[Black "Garcia Oviedo, Alejandro"]
[Result "1-0"]
[WhiteElo "2324"]
[BlackElo "1877"]
[TimeControl "180+2"]
[EndTime "11:02:23 PDT"]
[Termination "Victoria de Tangalangafacv por abandono"]

1. d4 d5 2. Nf3 Nf6 3. c4 c6 4. cxd5 cxd5 5. Nc3 Nc6 6. Bf4 e6 7. Rc1 Bd6 8. Bg5 h6 9. Bh4 O-O 10. e3 a6 11. Be2 Bd7 12. O-O b5 13. a3 Na5 14. e4 dxe4 15. Nxe4 Be7 16. Nc5 Bc8 17. Ne5 Nd7 18. Bg3 Nxc5 19. dxc5 Qxd1 20. Rcxd1 Bf6 21.
Bf3 Ra7 22. b4 Bxe5 23. Bxe5 Nc4 24. Bd4 Rd7 25. c6 Rdd8 26. Bc5 Rfe8 27. c7 Rxd1 28. Rxd1 Kh8 29. Rd8 Rg8 30. Bf8 Nb6 31. Bc6 e5 32. Bc5 Nc4 33. Bd5 Nxa3 34. Bxf7 1

[Event "Open Nuevo Centro. Jornada 1"]
[Site "Chess.com"]
[Date "2020.06.19"]
[Round "3"]
[White "Ainsa Jimenez, Lucas"]
[Black "Cebrian Granado, Fran"]
[Result "1-0"]
[WhiteElo "1000"]
[BlackElo "649"]
[TimeControl "180+2"]
[EndTime "11:02:34 PDT"]
[Termination "Victoria de ainsaluck por tiempo"]

1. e4 e5 2. Nf3 Nf6 3. Nxe5 Nxe4 4. Qe2 f6 5. Qxe4 Qe7 6. Be2 Nc6 7. Qf3 Qxe5 8. O-O Bc5 9. Re1 O-O 10. Bc4+ Kh8 11. Rxe5 Nxe5 12. Qd5 Nxc4 13. Qxc5 Nd6 14. h3 b6 15.
Qxc7 Ba6 16. Qxd6 b5 17. Qxa6 f5 18. d3 h6 19. Bf4 Kh7 20. Qxb5 Rae8 21. Nc3 d6 22.
Bxd6 Rg8 23. Qxf5+ g6 24. Qf7+ Kh8 25. Bc5 Rd8 26.
Qf6+ Rg7 27. Qxd8+ Rg8 28. Qe7 Rg7 29. Qe8+ 1

[Event "Open Nuevo Centro. Jornada 1"]
[Site "Chess.com"]
[Date "2020.06.19"]
[Round "3"]
[White "Chernikov, Vladimir"]
[Black "Mena Sancho, Angel"]
[Result "1-0"]
[WhiteElo "2244"]
[BlackElo "1507"]
[TimeControl "180+2"]
[EndTime "11:02:46 PDT"]
[Termination "Victoria de isla88 por abandono"]

1. b3 d5 2. Bb2 Nf6 3. Nf3 c5 4. e3 Nc6 5. Bb5 a6 6. Bxc6+ bxc6 7. Ne5 Qc7 8. f4 e6 9. d3 Bd6 10. Nd2 O-O 11. O-O Nd7 12. Nxd7 Bxd7 13. Nf3 f6 14. g3 Rab8 15. e4 c4 16. dxc4 dxc4 17. Kg2 cxb3 18. axb3 Rfd8 19. Qe2 a5 20. h4 c5 21. e5 fxe5 22.
Nxe5 Bxe5 23. Bxe5 Qb7+ 24. Kh3 Ra8 25. Qg4 Be8 26.
Rfd1 Rxd1 27. Rxd1 Bg6 28. Qxe6+ Bf7 29. Qg4 g6 30. h5 Qe7 31. Kh2 Be6 32. Qf3 g5 33.
Qxa8+ Kf7 34. Qd8 Qb7 35. Qc7+ 1

[Event "Open Nuevo Centro. Jornada 1"]
[Site "Chess.com"]
[Date "2020.06.19"]
[Round "3"]
[White "Bendayan Claros, Aaron"]
[Black "Aguado, Pablo Luis"]
[Result "1-0"]
[WhiteElo "1652"]
[BlackElo "1203"]
[TimeControl "180+2"]
[EndTime "11:03:11 PDT"]
[Termination "Victoria de Cuajada_Zero por tiempo"]

1. e4 e5 2. Nf3 Nf6 3. Bc4 Nxe4 4. Nxe5 Nd6 5. Bb3 Nc6 6. Nxc6 dxc6 7. O-O Be7 8. Nc3 O-O 9. d3 h6 10. Qf3 Bf6 11.
Qg3 Nf5 12. Qf3 Nd4 13. Qd1 Nxb3 14. axb3 Bf5 15. Qf3 Bg6 16. Bd2 Qd7 17. Ra4 Rfe8 18. Nd1 Re6 19. h3 a6 20. Bc1 Rae8 21. Ne3 Bg5 22.
h4 Bxe3 23. Bxe3 Re5 24. Rf4 Qe6 25. Bd2 Re2 26. Bc3 Rxc2 27. h5 Bh7 28. Re1 Re2 29. Rxe2 Qxe2 30. Rxf7 Qxf3 31. Rxg7+ Kf8 32. gxf3 Bxd3 33.
Rxc7 Rb8 34. Bg7+ Kg8 35. Bxh6 Be2 36. Kg2 Bd1 37. b4 Bb3 38. Be3 Bf7 39. h6 b6 40. Bd4 Bd5 41. h7+ 1

[Event "Open Nuevo Centro. Jornada 1"]
[Site "Chess.com"]
[Date "2020.06.19"]
[Round "3"]
[White "Romero Barkouk, Rayan "]
[Black "Teply Koutsky, David"]
[Result "0-1"]
[WhiteElo "1098"]
[BlackElo "1580"]
[TimeControl "180+2"]
[EndTime "11:03:19 PDT"]
[Termination "Victoria de Mrchessmashine por jaque mate"]

1. d4 e6 2. Nf3 f5 3. Bf4 Nf6 4. c3 d5 5. e3 c6 6. c4 Bd6 7.
Bxd6 Qxd6 8. c5 Qe7 9. Bd3 O-O 10. O-O Ne4 11. Bxe4 fxe4 12. Ne5 Nd7 13. Nxd7 Bxd7 14. Qh5 Rf5 15. Qe2 Raf8 16. Nd2 e5 17. dxe5 Qxc5 18. Rac1 Qe7 19. Nb3 Rf3 20. Nd2 Bg4 21. Nxf3 exf3 22. Qd2 fxg2 23. Qd4 Bf3 24. Rc3 Rf5 25. e4 dxe4 26. Qc5 Qh4 27. Qc4+ Kf8 28. Qc5+ Kf7 29. Qc4+ Kg6 30. Qe6+ Kg5 31. Qe7+ Kh5 32. Qxh4+ Kxh4 33. e6 Re5 34. Ra3 gxf1=Q+ 35. Kxf1 Rxe6 36. Rxa7 Rd6 37. Ra3 Rd1# 0

[Event "Open Nuevo Centro. Jornada 1"]
[Site "Chess.com"]
[Date "2020.06.19"]
[Round "3"]
[White "Rodriguez, Mathias"]
[Black "G�mez Alonso, �scar"]
[Result "1-0"]
[WhiteElo "2013"]
[BlackElo "1761"]
[TimeControl "180+2"]
[EndTime "11:03:51 PDT"]
[Termination "Victoria de niguil por abandono"]

1. e4 c5 2. Nf3 e6 3. d4 cxd4 4. Nxd4 Nf6 5. Nc3 Nc6 6. Ndb5 d6 7.
Bf4 e5 8. Bg5 a6 9. Na3 b5 10.
Bxf6 Qxf6 11. Nd5 Qd8 12. Bxb5 axb5 13. Nxb5 Qa5+ 14. c3 Be6 15. Nbc7+ Kd7 16. Nxa8 Bxd5 17. exd5 Ne7 18. a4 Qxa8 19. c4 Qa5+ 20. Ke2 Nf5 21. Re1 Nd4+ 22. Kf1 Be7 23. Rb1 Rb8 24. Qg4+ f5 25.
Qxg7 Qd2 26. Qg3 Rxb2 27. Rxb2 Qxb2 28. Qd3 Qb3 29. Qxb3 Nxb3 30. Ke2 Nc5 31. Ra1 Bd8 32. f3 Ba5 33. Rb1 Kc7 34. Rb5 Bc3 35. a5 Bd4 36.
Kd1 f4 37. Kc2 h5 38. Kb1 h4 39. Ka2 Bg1 40. h3 Bd4 41. Ka3 Nd3 42. a6 Nc5 43. a7 Nd3 44. a8=Q Bc5+ 45. Rxc5+ Nxc5 46. Qc6+ Kd8 47. Qxd6+ 1

[Event "Open Nuevo Centro. Jornada 1"]
[Site "Chess.com"]
[Date "2020.06.19"]
[Round "3"]
[White "Ursariu, Nikolas Victor"]
[Black "Cebolla Ruiz, David"]
[Result "0-1"]
[WhiteElo "1225"]
[BlackElo "1739"]
[TimeControl "180+2"]
[EndTime "11:03:52 PDT"]
[Termination "Victoria de Dabelcebolla por jaque mate"]

1. e4 c6 2. Nf3 d5 3. Nc3 Nf6 4.
exd5 cxd5 5. Bb5+ Bd7 6. Bxd7+ Nbxd7 7. d4 e6 8. O-O Be7 9. Bg5 O-O 10. Ne5 Nxe5 11.
dxe5 Ne4 12. Bxe7 Qxe7 13. Nxe4 dxe4 14. Re1 Rfd8 15. Qe2 Rd4 16. Rad1 Rad8 17. c3 Rxd1 18. Rxd1 Rxd1+ 19. Qxd1 Kf8 20. Qe2 Qd7 21. h3 Qd5 22. Qe3 Qxa2 23. Qxe4 Qxb2 24. Qd4 Qb6 25. Qxb6 axb6 26.
Kf1 Ke8 27. Ke2 Kd7 28. Kd3 Kc6 29. Kc4 b5+ 30. Kd4 f6 31. exf6 gxf6 32. f4 Kd6 33. g3 e5+ 34. fxe5+ fxe5+ 35. Kd3 Kd5 36. g4 e4+ 37.
Kd2 Kc4 38. h4 Kd5 39. g5 Ke5 40. h5 Kf5 41. g6 hxg6 42. hxg6 Kxg6 43. Ke3 Kf5 44.
Ke2 Ke5 45. Ke3 Kd5 46. Kd2 Kc4 47. Kc2 e3 48. Kd1 Kd3 49. Ke1 e2 50. c4 bxc4 51. Kf2 Kd2 52. Kf3 e1=Q 53. Kf4 c3 54. Kf5 c2 55.
Kf6 c1=Q 56. Kf5 Qc5+ 57. Kf6 Qcf2+ 58. Kg5 Qeg1+ 59. Kh5 Qfh2# 0